 Dungeon Crawl Stone Soup version 0.17-a0-1939-ga475588 (webtiles) character file.

81 mcbry74 the Slinger (level 4, -3/29 HPs)
             Began as a Halfling Hunter on Sept 29, 2015.
             Was an Initiate of Ru.
             Slain by mcbry74's ghost (6 damage)
             ... on level 3 of the Dungeon.
             The game lasted 00:08:28 (1365 turns).

mcbry74 the Slinger (Halfling Hunter)               Turns: 1365, Time: 00:08:28

Health: -3/29      AC:  4    Str: 12    XL:     4   Next: 68%
Magic:  4/4        EV: 14    Int: 11    God:    Ru [......]
Gold:   140        SH:  0    Dex: 18    Spells: 0 memorised, 3 levels left

rFire  . . .     SeeInvis .     c - +0 short sword
rCold  . . .     Clarity  .     d - +0 leather armour
rNeg   . . .     SustAt   .     (shield restricted)
rPois  .         Gourm    .     (no helmet)
rElec  .         Spirit   .     l - +0 cloak
rCorr  .         Warding  .     (no gloves)
rMut   .         Stasis   .     (no boots)
MR     +....                    (no amulet)
Stlth  ++........               p - ring of protection from magic
                                m - +4 ring of dexterity

@: somewhat resistant to hostile enchantments, unstealthy
A: mutation resistance 1
a: Renounce Religion


You were on level 3 of the Dungeon.
You worshipped Ru.
Ru was noncommittal.
You were very hungry.

You visited 1 branch of the dungeon, and saw 3 of its levels.

You collected 140 gold pieces.

Inventory:

Hand weapons
 a - a +1 hunting sling
 c - a +0 short sword (weapon)
 h - a +0 dagger of protection
Missiles
 i - 70 stones (quivered)
Armour
 d - a +0 leather armour (worn)
 l - a +0 cloak (worn)
Jewellery
 m - a +4 ring of dexterity (left hand)
 p - a ring of protection from magic (right hand)
 q - an uncursed ring of protection from cold
Scrolls
 g - 2 scrolls of recharging {unknown}
 n - a scroll of remove curse {unknown}
 o - a scroll of magic mapping {unknown}
 r - 2 scrolls of blinking {unknown}
 t - a scroll of immolation {unknown}
 u - a scroll of enchant weapon {unknown}
Potions
 f - a potion of flight
 j - a potion of beneficial mutation
Comestibles
 e - a bread ration
 s - a slice of pizza


   Skills:
 - Level 1.7 Fighting
 + Level 8.1 Slings
 + Level 1.0 Armour
 - Level 2.1 Dodging
 - Level 1.1 Stealth


You had 3 spell levels left.
You didn't know any spells.

Dungeon Overview and Level Annotations

Branches:
Dungeon (3/15)

Altars:
Ru

Annotations:
D:3 mcbry74's ghost, average HEHu


Innate Abilities, Weirdness & Mutations

You are small and have problems with some larger weapons.
You are somewhat resistant to further mutation.


Message History

Mcbry74's ghost hits you.
* * * LOW HITPOINT WARNING * * *
You closely miss mcbry74's ghost.
Mcbry74's ghost is severely damaged.
Mcbry74's ghost hits you.
* * * LOW HITPOINT WARNING * * *
You hit mcbry74's ghost but do no damage.
Mcbry74's ghost is severely damaged.
Mcbry74's ghost barely misses you.
You hit mcbry74's ghost.
Mcbry74's ghost is severely damaged.
Mcbry74's ghost misses you. Mcbry74's ghost hits you.
* * * LOW HITPOINT WARNING * * *
You hit mcbry74's ghost but do no damage.
Mcbry74's ghost is severely damaged.
Mcbry74's ghost barely misses you.
You hit mcbry74's ghost but do no damage.
Mcbry74's ghost is severely damaged.
Mcbry74's ghost hits you.
You die...

### # ####..
.# #. ..#.#
#.# #.# #%#.#
#.. #.#
#####.#.###.#
#.#
#.....(.oW@#
#.#
#.###.#.###.#
#.# #.# #.#.#
...
#.###.###o#..
....#
#.........####
...##
#.###.#.###
...# #.# #.#o#
##.# # #o#
#.#.### +# #
#.# #oo...#


You could see mcbry74's ghost and an orc.

Vanquished Creatures
  An orc priest (D:3)
  3 adders (D:2)
  An orc (D:3)
  4 hobgoblins
  7 kobolds
  3 bats
  A giant newt (D:1)
  6 goblins
  4 rats
30 creatures vanquished.

Notes
Turn   | Place    | Note
--------------------------------------------------------------
     0 | D:1      | mcbry74 the Halfling Hunter began the quest for the Orb.
     0 | D:1      | Reached XP level 1. HP: 14/14 MP: 1/1
    96 | D:1      | Reached skill level 6 in Slings
   297 | D:1      | Reached XP level 2. HP: 16/19 MP: 2/2
   773 | D:2      | Reached XP level 3. HP: 24/24 MP: 3/3
   793 | D:2      | Found a sacrificial altar of Ru.
   801 | D:2      | Became a worshipper of Ru the Awakened
   866 | D:2      | Reached skill level 7 in Slings
  1197 | D:2      | Reached XP level 4. HP: 29/29 MP: 4/4
  1297 | D:3      | Noticed mcbry74's ghost (average HEHu)
  1350 | D:3      | Reached skill level 8 in Slings
  1350 | D:3      | Reached skill level 1 in Armour
  1365 | D:3      | Slain by mcbry74's ghost

Vault maps used:
D:1:      kilobyte_arrival_exit_the_forest
D:2:      lemuel_coloured_pillars_altar, kennysheep_big_empty_room
D:3:      lemuel_round_altar, nicolae_overflow_hidden_temple, uniq_grinder,
          uniq_robin, uniq_iyjb, uniq_crazy_yiuf_cottage

Action                   |  1- 3 |  4- 6 || total
-------------------------+-------+-------++-------
Melee: Short sword       |       |     9 ||     9
 Fire: Hunting sling     |    60 |    20 ||    80
  Use: Potion            |     1 |     2 ||     3
